[Event "Titled Tuesday Blitz June 6 Early 2023"]
[White "Wagner, Dennis"]
[Black "Kravtsiv, Martyn"]
[WhiteFideId "24650684"]
[BlackFideId "14113147"]
[WhiteElo "2478"]
[BlackElo "2695"]
[Result "1-0"]
[Round "8"]
[TimeControl "180+2"]
[Date "2023.06.06"]
[WhiteClock "0:00:05"]
[BlackClock "0:00:30"]
[Board "25"]

1. d4 d5 2. c4 e6 3. Nf3 Nf6 4. g3 Be7 5. Bg2 O-O 6. O-O c6 7. Qc2 a5 8. Rd1 b5 9. c5 Ne4 10. Nbd2 f5 11. Ne5 Bf6 12. f3 Nxd2 13. Bxd2 Bxe5 14. dxe5 Nd7 15. f4 Qe7 16. Be3 Ba6 17. a3 Rfb8 18. b4 Qd8 19. Bd4 Bc8 20. h3 Ra7 21. e3 Rba8 22. Qf2 Nb8 23. g4 axb4 24. axb4 Ra4 25. Qg3 Qe7 26. h4 Na6 27. Rxa4 bxa4 28. gxf5 exf5 29. b5 Nxc5 30. bxc6 Be6 31. Qf2 Nb3 32. Qc2 Qxh4 33. c7 Rc8 34. Qc6 Qe7 35. Bxd5 Kf7 36. Bb6 Bxd5 37. Rxd5 Qh4 38. Rd7+ Kg8 39. Qe6+ 1-0


[Site "https://www.chess.com"]

[Event "Titled Tuesday Blitz June 6 Early 2023"]
[White "Souleidis, Georgios"]
[Black "demon64fields"]
[WhiteFideId "4206827"]
[WhiteElo "2401"]
[BlackElo "2845"]
[Result "1-0"]
[Round "8"]
[TimeControl "180+2"]
[Date "2023.06.06"]
[WhiteClock "0:00:57"]
[BlackClock "0:01:55"]
[Board "27"]

1. e4 e6 2. d4 d5 3. Nc3 Bb4 4. Ne2 dxe4 5. a3 Be7 6. Nxe4 Nd7 7. N2g3 Ngf6 8. Bd3 c5 9. dxc5 Nxc5 10. Nxc5 Bxc5 11. Bg5 h6 12. Bxf6 Qxf6 13. Bb5+ Kf8 14. Ne4 Qe7 15. Nxc5 a6 16. Be2 b6 17. Bf3 Ra7 18. Nb3 Rd7 19. Qe2 a5 20. Rd1 a4 21. Nd4 e5 22. Nc6 Rxd1+ 23. Qxd1 Qc7 24. O-O f5 25. Qd5 e4 26. Bh5 Bb7 27. Qxf5+ Kg8 28. Qe6+ Kf8 29. Qe8# 1-0


[Site "https://www.chess.com"]

[Event "Titled Tuesday Blitz June 6 Early 2023"]
[White "Harutjunyan, Gevorg"]
[Black "Sadykov, Ramil"]
[WhiteFideId "13300873"]
[BlackFideId "24113590"]
[WhiteElo "2474"]
[BlackElo "2245"]
[Result "1-0"]
[Round "8"]
[TimeControl "180+2"]
[Date "2023.06.06"]
[WhiteClock "0:00:11"]
[BlackClock "0:00:03"]
[Board "28"]

1. e4 e5 2. Nf3 Nf6 3. Nxe5 Nxe4 4. Qe2 Qe7 5. d4 d6 6. Nf3 d5 7. Nc3 Nxc3 8. bxc3 Qxe2+ 9. Bxe2 Bf5 10. Bd3 Bxd3 11. cxd3 Bd6 12. Rb1 b6 13. O-O O-O 14. a4 Nd7 15. Be3 f6 16. Rfc1 Rfc8 17. c4 c6 18. cxd5 cxd5 19. Rb5 Rxc1+ 20. Bxc1 Rc8 21. Bd2 Kf7 22. Rxd5 Ke6 23. Rh5 h6 24. a5 f5 25. d5+ Kf6 26. Be3 bxa5 27. Rh4 Bb4 28. g4 f4 29. Bxf4 g5 30. Rxh6+ Kg7 31. Bxg5 Rc3 32. Ra6 Rxd3 33. Rxa7 Rxd5 34. h4 Kg8 35. h5 Rd3 36. Be3 Nf6 37. Ne5 Rd5 38. f4 Bc5 39. Bxc5 Rxc5 40. h6 Rxe5 41. fxe5 Nxg4 42. Rg7+ Kh8 43. Rxg4 1-0


[Site "https://www.chess.com"]

[Event "Titled Tuesday Blitz June 6 Early 2023"]
[White "Agibileg, Uurtsaikh"]
[Black "Yeletsky, Ivan"]
[WhiteFideId "4901606"]
[BlackFideId "24180327"]
[WhiteElo "2353"]
[BlackElo "2380"]
[Result "0-1"]
[Round "8"]
[TimeControl "180+2"]
[Date "2023.06.06"]
[WhiteClock "0:00:21"]
[BlackClock "0:01:02"]
[Board "29"]

1. d4 Nf6 2. c4 Nc6 3. Nf3 e6 4. Nc3 d5 5. cxd5 exd5 6. Bg5 Be7 7. e3 O-O 8. Bd3 h6 9. Bh4 Nb4 10. Bb1 c6 11. O-O a5 12. a3 Na6 13. Ne5 Nc7 14. Qc2 Re8 15. Bxf6 Bxf6 16. Qh7+ Kf8 17. f4 Ke7 18. Nxf7 Kxf7 19. Bg6+ Ke7 20. Bxe8 Qxe8 21. e4 dxe4 22. Rae1 Qf8 23. Nxe4 Bxd4+ 24. Kh1 Nd5 25. Qg6 Kd8 26. Nd6 Kc7 27. Ne8+ Kb6 28. Nxg7 Qxg7 29. Qd3 Bd7 30. f5 Rg8 31. Re2 Bf6 32. b4 axb4 33. axb4 Qg4 34. b5 Re8 35. Rxe8 Bxe8 36. bxc6 Bxc6 37. h4 Qxh4+ 0-1


[Site "https://www.chess.com"]

[Event "Titled Tuesday Blitz June 6 Early 2023"]
[White "Bryakin, Mikhail"]
[Black "Sielecki, Christof"]
[WhiteFideId "4165314"]
[BlackFideId "4620437"]
[WhiteElo "2464"]
[BlackElo "2443"]
[Result "1-0"]
[Round "8"]
[TimeControl "180+2"]
[Date "2023.06.06"]
[WhiteClock "0:00:02"]
[BlackClock "0:00:01"]
[Board "30"]

1. b3 d5 2. Bb2 c5 3. Nf3 f6 4. e3 e5 5. Bb5+ Bd7 6. Bxd7+ Qxd7 7. d3 Nc6 8. e4 d4 9. a4 Bd6 10. Na3 Nge7 11. Nc4 Bc7 12. O-O O-O 13. Qe2 b6 14. Bc1 a6 15. Bd2 b5 16. Na3 Rfb8 17. g3 Ba5 18. Nh4 Bxd2 19. Qxd2 Nb4 20. f4 exf4 21. gxf4 bxa4 22. Nc4 axb3 23. cxb3 Qg4+ 24. Ng2 Nbc6 25. Ra3 Ng6 26. Kh1 f5 27. Nd6 fxe4 28. dxe4 Rf8 29. Qc1 Kh8 30. f5 Nge5 31. Qxc5 d3 32. Ra2 Rad8 33. Rd2 Nf3 34. Rdf2 Nce5 35. Ne3 Qh3 36. Ndc4 Nxc4 37. bxc4 Ng5 38. Rf4 d2 39. Rd1 Nf3 40. Nf1 Rfe8 41. Qf2 Ng5 42. Rh4 Qxf5 43. Qxf5 1-0


[Site "https://www.chess.com"]

[Event "Titled Tuesday Blitz June 6 Early 2023"]
[White "Sourath Biswas"]
[Black "Molina, Roberto Junio Brito"]
[WhiteFideId "35091484"]
[BlackFideId "2109450"]
[WhiteElo "2171"]
[BlackElo "2376"]
[Result "1/2-1/2"]
[Round "8"]
[TimeControl "180+2"]
[Date "2023.06.06"]
[WhiteClock "0:00:09"]
[BlackClock "0:00:09"]
[Board "31"]

1. Nf3 d5 2. d4 Nf6 3. Bf4 e6 4. e3 Bd6 5. Nbd2 Bxf4 6. exf4 Qd6 7. g3 c5 8. dxc5 Qxc5 9. c3 O-O 10. Bd3 b6 11. Qe2 a5 12. Nb3 Qc7 13. Nbd4 Ba6 14. Nb5 Qc5 15. a4 Nbd7 16. O-O Rfe8 17. Ne5 Nxe5 18. fxe5 Nd7 19. Rfe1 Bxb5 20. Bxb5 Red8 21. Rad1 Qc7 22. h4 Nf8 23. h5 h6 24. Rd4 Qe7 25. Red1 Rac8 26. Rg4 Kh8 27. Rdd4 f6 28. exf6 Qxf6 29. Rdf4 Qe7 30. Qe5 Qc7 31. Qe3 e5 32. Rf5 d4 33. cxd4 exd4 34. Rxd4 Qc1+ 35. Kg2 Qxb2 36. Rxd8 Rxd8 37. Qf4 Ne6 38. Qe4 Nc5 39. Qe7 Qd4 40. Rf8+ Rxf8 41. Qxf8+ Kh7 42. Be8 Qd5+ 43. Kh2 Qg8 44. Qf5+ Kh8 45. Bf7 Qf8 46. Qg6 Nxa4 47. f4 Nc5 48. Ba2 Nd7 49. Qe6 Nf6 50. Qxb6 a4 51. Qa5 a3 52. Qf5 Qd8 53. Kh3 Qd7 54. Be6 Qe8 55. g4 a2 56. Bxa2 Qe2 57. Qc8+ Qe8 58. Qxe8+ Nxe8 59. g5 Nd6 60. Kg4 Kh7 61. gxh6 Kxh6 62. Bb1 Ne8 63. Bg6 Nf6+ 64. Kh4 Nd5 65. Kg4 Ne7 66. f5 Ng8 67. Kf4 Nf6 68. Ke5 Nxh5 69. Bxh5 Kxh5 70. Ke6 Kg5 71. Kf7 Kxf5 72. Kxg7 1/2-1/2


[Site "https://www.chess.com"]

[Event "Titled Tuesday Blitz June 6 Early 2023"]
[White "Pham, Le Thao Nguyen"]
[Black "Ilamparthi A R"]
[WhiteFideId "12401226"]
[BlackFideId "45015775"]
[WhiteElo "2286"]
[BlackElo "2348"]
[Result "0-1"]
[Round "8"]
[TimeControl "180+2"]
[Date "2023.06.06"]
[WhiteClock "0:00:01"]
[BlackClock "0:00:27"]
[Board "32"]

1. d4 Nf6 2. Nf3 g6 3. c4 Bg7 4. Nc3 O-O 5. e4 d6 6. h3 Nbd7 7. Be3 e5 8. Bd3 exd4 9. Bxd4 c6 10. O-O Qe7 11. Re1 Ne5 12. Bf1 Nh5 13. Nxe5 dxe5 14. Be3 Nf4 15. c5 Rd8 16. Qc2 Ne6 17. b4 Nd4 18. Qb2 Be6 19. Rac1 Rd7 20. Qa3 a6 21. b5 cxb5 22. Bxb5 Rdd8 23. Bf1 Rac8 24. Na4 Rc6 25. Qb2 f5 26. exf5 gxf5 27. Bc4 Bxc4 28. Rxc4 b5 29. Rxd4 exd4 30. Bd2 Qf7 31. Nb6 Rxc5 32. Bg5 Re8 33. Qb4 Rxe1+ 34. Qxe1 Re5 35. Qc1 Qe6 36. Qc7 Re1+ 37. Kh2 Be5+ 0-1


[Site "https://www.chess.com"]

[Event "Titled Tuesday Blitz June 6 Early 2023"]
[White "Redzisz, Michal"]
[Black "Tejedor Fuente, Enrique"]
[WhiteFideId "21816107"]
[BlackFideId "2299100"]
[WhiteElo "2175"]
[BlackElo "2496"]
[Result "1-0"]
[Round "8"]
[TimeControl "180+2"]
[Date "2023.06.06"]
[WhiteClock "0:00:07"]
[BlackClock "0:00:09"]
[Board "33"]

1. e4 e5 2. Nf3 Nc6 3. Bc4 Bc5 4. c3 Nf6 5. d4 exd4 6. cxd4 Bb4+ 7. Nc3 d5 8. exd5 Nxd5 9. O-O Bxc3 10. bxc3 O-O 11. Qc2 h6 12. Re1 Be6 13. Bxh6 Na5 14. Ng5 Qxg5 15. Bxg5 Nxc4 16. Rxe6 fxe6 17. Qe2 Ndb6 18. Qxe6+ Kh8 19. Re1 Nd6 20. Re3 Rf7 21. Rh3+ Kg8 22. Qg6 Rf5 23. g4 Ra5 24. Qe6+ Nf7 25. Rf3 Rf8 26. Be7 Nd5 27. Bxf8 Nf6 28. Bxg7 Ra6 29. Qxf6 Rxf6 30. Bxf6 Kh7 31. h4 b5 32. h5 a5 33. g5 Kg8 34. g6 Nd6 35. h6 Nf7 36. h7+ Kf8 37. g7+ Ke8 38. g8=Q+ Kd7 39. Qxf7+ Kc6 40. h8=Q b4 41. Qa8+ Kb5 42. Qfd5+ c5 43. Qxc5+ Ka4 44. Qaxa5# 1-0


[Site "https://www.chess.com"]

[Event "Titled Tuesday Blitz June 6 Early 2023"]
[White "Fernandez Guillen, Ernesto J."]
[Black "Gabdushev, Ruslan"]
[WhiteFideId "3512428"]
[BlackFideId "4137833"]
[WhiteElo "2434"]
[BlackElo "2233"]
[Result "1-0"]
[Round "8"]
[TimeControl "180+2"]
[Date "2023.06.06"]
[WhiteClock "0:00:13"]
[BlackClock "0:00:01"]
[Board "34"]

1. e4 Nc6 2. d4 d5 3. e5 Bf5 4. c3 Qd7 5. f4 h5 6. Nf3 h4 7. Bd3 h3 8. g3 g6 9. O-O Nh6 10. Be3 Bxd3 11. Qxd3 Qf5 12. Qb5 O-O-O 13. Nbd2 Ng4 14. Bf2 f6 15. a4 g5 16. fxg5 fxe5 17. dxe5 Ngxe5 18. Nxe5 Qxe5 19. Rae1 Qxg5 20. Be3 Qg6 21. Bf4 Bh6 22. Bxh6 Rxh6 23. Nf3 a6 24. Qe2 Qd6 25. Ne5 Nxe5 26. Qxe5 Qxe5 27. Rxe5 e6 28. Rfe1 Kd7 29. Kf2 Rf8+ 30. Ke3 Rhf6 31. Re2 Rf3+ 32. Kd2 R8f6 33. Rh5 c5 34. Rxh3 b5 35. axb5 axb5 36. Rh7+ Kc6 37. g4 d4 38. cxd4 cxd4 39. g5 Rg6 40. h4 Kd6 41. Rh8 Rb3 42. Rd8+ Ke7 43. Rxd4 Rxb2+ 44. Ke3 Rb3+ 45. Kf4 Rh3 46. Kg4 Rh1 47. Rg2 Rg8 48. h5 e5 49. Rb4 1-0


[Site "https://www.chess.com"]

[Event "Titled Tuesday Blitz June 6 Early 2023"]
[White "Nikologorsky, Matfei"]
[Black "Paravyan, David"]
[WhiteFideId "24102474"]
[BlackFideId "4194985"]
[WhiteElo "2153"]
[BlackElo "2563"]
[Result "0-1"]
[Round "8"]
[TimeControl "180+2"]
[Date "2023.06.06"]
[WhiteClock "0:00:03"]
[BlackClock "0:00:32"]
[Board "35"]

1. e4 e5 2. Nf3 Nf6 3. Nxe5 d6 4. Nf3 Nxe4 5. Nc3 Nxc3 6. dxc3 Be7 7. Be3 O-O 8. Qd2 Nd7 9. O-O-O c6 10. g4 Nf6 11. h3 d5 12. Bd3 Qa5 13. Kb1 Ne4 14. Bxe4 dxe4 15. Nd4 Re8 16. Rdg1 Bc5 17. h4 Bxd4 18. Bxd4 Be6 19. b3 Rad8 20. Qe3 Rd5 21. c4 Rd7 22. Bc3 Qb6 23. Qg5 f6 24. Bxf6 Qxf2 25. Bc3 e3 26. Rf1 Qg3 27. Rhg1 Qh3 28. Qe5 e2 29. Re1 Qxh4 30. Rxe2 Qf6 31. Qe3 Qg6 32. Rge1 h6 33. Qxa7 Qxg4 34. Re4 Qg6 35. Rg1 Qxe4 36. Qc5 Bf5 37. Ka1 Qxc2 0-1


[Site "https://www.chess.com"]

[Event "Titled Tuesday Blitz June 6 Early 2023"]
[White "Elsa167"]
[Black "De La Colina, Nicolas"]
[BlackFideId "30946921"]
[WhiteElo "2898"]
[BlackElo "2046"]
[Result "1-0"]
[Round "8"]
[TimeControl "180+2"]
[Date "2023.06.06"]
[WhiteClock "0:01:51"]
[BlackClock "0:00:49"]
[Board "36"]

1. e4 c5 2. Nf3 Nc6 3. Bc4 e6 4. O-O Nf6 5. Re1 a6 6. e5 b5 7. Bf1 Nd5 8. Nc3 Nxc3 9. dxc3 d6 10. Bg5 Qc7 11. a4 Rb8 12. axb5 axb5 13. Bf4 d5 14. h4 Be7 15. h5 O-O 16. h6 g6 17. Qd2 Re8 18. Bg5 Bf8 19. Qf4 Bd7 20. Nh2 Be7 21. Ng4 Bxg5 22. Qxg5 Qd8 23. Nf6+ Kh8 24. Qf4 Rf8 25. Nxd7 1-0


[Site "https://www.chess.com"]

[Event "Titled Tuesday Blitz June 6 Early 2023"]
[White "Begmuratov, Alisher"]
[Black "Sychev, Klementy"]
[WhiteFideId "14203367"]
[BlackFideId "4114060"]
[WhiteElo "2387"]
[BlackElo "2583"]
[Result "1-0"]
[Round "8"]
[TimeControl "180+2"]
[Date "2023.06.06"]
[WhiteClock "0:00:10"]
[BlackClock "0:00:01"]
[Board "37"]

1. Nf3 Nf6 2. g3 d5 3. Bg2 c5 4. O-O e6 5. b3 Nc6 6. Bb2 Bd6 7. d3 O-O 8. Nbd2 e5 9. e4 d4 10. a4 b6 11. Nh4 g6 12. Nc4 Bc7 13. Bc1 Bg4 14. f3 Be6 15. f4 exf4 16. e5 Nd5 17. Bxf4 Nxf4 18. gxf4 Qxh4 19. Bxc6 Rad8 20. Qd2 f6 21. Rae1 Bxc4 22. bxc4 fxe5 23. Bd5+ Kh8 24. Qf2 Qxf2+ 25. Rxf2 Rxf4 26. Rxf4 exf4 27. Re7 Bb8 28. Kg2 Rf8 29. Kf3 Bd6 30. Rxa7 Re8 31. Be4 Rb8 32. Rd7 Be5 33. h4 Rf8 34. Rb7 Rf6 35. h5 Kg8 36. Bd5+ Kf8 37. h6 g5 38. Rxh7 Rg6 39. Kg4 f3 40. Bxf3 Kg8 41. Re7 Bd6 42. Bd5+ Kh8 43. Rb7 Rxh6 44. Rxb6 Kg7 45. a5 Rh4+ 46. Kxg5 Be7+ 47. Kf5 Rh5+ 48. Ke6 Bf8 49. Kd7 Rh2 50. Rb3 Kf6 51. a6 Rh7+ 52. Ke8 Bd6 53. Rb6 Ke5 54. Rb7 Rh8+ 55. Kd7 Ra8 56. Rb6 Ra7+ 57. Kc8 Bc7 58. Rb7 Rxa6 59. Rxc7 1-0


[Site "https://www.chess.com"]

[Event "Titled Tuesday Blitz June 6 Early 2023"]
[White "Korchmar, Vasiliy"]
[Black "Gorovets, Andrey"]
[WhiteFideId "24131750"]
[BlackFideId "13504037"]
[WhiteElo "2370"]
[BlackElo "2459"]
[Result "1-0"]
[Round "8"]
[TimeControl "180+2"]
[Date "2023.06.06"]
[WhiteClock "0:00:10"]
[BlackClock "0:00:56"]
[Board "38"]

1. e4 c6 2. d4 d5 3. e5 Bf5 4. Nd2 e6 5. Nb3 Nd7 6. Nf3 Qc7 7. Be2 c5 8. dxc5 Bxc5 9. O-O Ne7 10. Nxc5 Qxc5 11. c3 Bg4 12. Nd4 Bxe2 13. Qxe2 Nc6 14. Qg4 g6 15. Bh6 Ndxe5 16. Qf4 Nd7 17. Rfe1 Nd8 18. b4 Qc4 19. Qd6 Qa6 20. Qxd5 Nc6 21. b5 O-O-O 22. Qe4 1-0


[Site "https://www.chess.com"]

[Event "Titled Tuesday Blitz June 6 Early 2023"]
[White "Orlov, Georgi"]
[Black "Petrosyan, Manuel"]
[WhiteFideId "2011271"]
[BlackFideId "13300857"]
[WhiteElo "2641"]
[BlackElo "2576"]
[Result "0-1"]
[Round "8"]
[TimeControl "180+2"]
[Date "2023.06.06"]
[WhiteClock "0:00:33"]
[BlackClock "0:00:59"]
[Board "39"]

1. d4 Nf6 2. Nf3 e6 3. c4 b6 4. g3 Ba6 5. Qa4 Bb7 6. Bg2 c5 7. O-O cxd4 8. Nxd4 Bxg2 9. Kxg2 Be7 10. Rd1 O-O 11. Bf4 Qc8 12. Nb5 Qc6+ 13. f3 a6 14. N5c3 Rc8 15. Bxb8 Qxa4 16. Nxa4 Raxb8 17. Nd2 b5 18. cxb5 Nd5 19. Nc3 Ne3+ 20. Kf2 Nxd1+ 21. Rxd1 axb5 22. Nb3 d5 23. Rd2 Bb4 24. Rd3 Bxc3 25. bxc3 Kf8 26. Nd4 g6 27. f4 h5 28. Ke1 Rb7 29. Nc2 Ke7 30. Nb4 Rbc7 31. Kd2 Rc4 32. e3 Rg8 33. h4 Ra8 34. Rd4 Rxd4+ 35. exd4 Kf6 36. Ke2 Ra3 0-1


[Site "https://www.chess.com"]

[Event "Titled Tuesday Blitz June 6 Early 2023"]
[White "Iskusnyh, Sergei"]
[Black "Kukhmazov, Arsen"]
[WhiteFideId "4120027"]
[BlackFideId "24108260"]
[WhiteElo "2492"]
[BlackElo "2396"]
[Result "0-1"]
[Round "8"]
[TimeControl "180+2"]
[Date "2023.06.06"]
[WhiteClock "0:00:11"]
[BlackClock "0:00:08"]
[Board "40"]

1. d4 d5 2. c4 c6 3. Nf3 Nf6 4. e3 Bg4 5. h3 Bh5 6. g4 Bg6 7. Ne5 Nbd7 8. Nxg6 hxg6 9. cxd5 cxd5 10. Nc3 e6 11. Bd2 g5 12. Rc1 a6 13. Bg2 Bd6 14. e4 Nxe4 15. Nxe4 dxe4 16. Bxe4 Rb8 17. d5 Nc5 18. dxe6 Nxe6 19. Bd5 Nf4 20. Bxf4 Bxf4 21. Rc4 O-O 22. O-O Qf6 23. Qf3 Qxb2 24. h4 b5 25. Rc6 Rbd8 26. Rxa6 Qe5 27. Bb3 gxh4 28. Ra7 Rd6 29. Rxf7 Rxf7 30. Qa8+ Kh7 31. Bxf7 Rd2 32. Qg8+ Kh6 33. Qh8+ Kg5 34. Qh5+ Kf6 35. Qg6+ Ke7 36. Bb3 h3 37. Qf7+ Kd6 38. Qf8+ Kd7 39. Rc1 h2+ 40. Kg2 Qe4+ 41. Kh3 Qf3+ 42. Kh4 Bg5+ 43. Kh5 Qxf8 0-1


[Site "https://www.chess.com"]

[Event "Titled Tuesday Blitz June 6 Early 2023"]
[White "MKlose11"]
[Black "splendidkid"]
[WhiteElo "2559"]
[BlackElo "2754"]
[Result "0-1"]
[Round "8"]
[TimeControl "180+2"]
[Date "2023.06.06"]
[WhiteClock "0:00:03"]
[BlackClock "0:01:00"]
[Board "41"]

1. e4 c5 2. Nc3 Nc6 3. g3 g6 4. d3 Bg7 5. Bg2 e6 6. Be3 Nd4 7. Qd2 Rb8 8. Nd1 d6 9. c3 Nc6 10. Ne2 Nge7 11. Bh6 O-O 12. h4 f6 13. Bxg7 Kxg7 14. f4 h5 15. Ne3 b5 16. d4 cxd4 17. Nxd4 Nxd4 18. Qxd4 Nc6 19. Qd2 Qc7 20. Rd1 Rd8 21. O-O a5 22. g4 hxg4 23. Nxg4 Rh8 24. Qxd6 Qb6+ 25. Nf2 e5 26. fxe5 fxe5 27. Qd2 Bg4 28. Rde1 Rxh4 29. Qe3 Qxe3 30. Rxe3 Rd8 31. Rg3 Be6 32. a3 Bb3 33. Rd3 Rhh8 34. Re1 a4 35. Ree3 Bc4 36. Rxd8 Rxd8 37. Bf1 Na5 38. Bd3 Kf6 39. Kg2 Kg5 40. Rg3+ Kf6 41. Rf3+ Ke6 42. Kg3 Bxd3 43. Nxd3 Nc4 44. Kg4 Rh8 45. Kg5 Rh2 46. Kxg6 Rg2+ 47. Kh5 Nxb2 48. Nxb2 Rxb2 49. Rd3 Rb3 50. Rd5 Kf6 51. Rxe5 Kxe5 52. Kg4 Kxe4 0-1


[Site "https://www.chess.com"]

[Event "Titled Tuesday Blitz June 6 Early 2023"]
[White "caropawn10"]
[Black "Streltsov, Alexey"]
[BlackFideId "24104434"]
[WhiteElo "2728"]
[BlackElo "2553"]
[Result "0-1"]
[Round "8"]
[TimeControl "180+2"]
[Date "2023.06.06"]
[WhiteClock "0:00:09"]
[BlackClock "0:00:30"]
[Board "42"]

1. e4 c6 2. Nf3 d5 3. d3 g6 4. e5 c5 5. Be2 Nc6 6. c3 d4 7. Bf4 Bg7 8. Nbd2 Bg4 9. h3 Bxf3 10. Nxf3 e6 11. O-O Nge7 12. c4 h6 13. Re1 g5 14. Bh2 Ng6 15. Bf1 Qc7 16. Qe2 O-O-O 17. a3 Rdg8 18. b4 b6 19. Qe4 Nf4 20. Rab1 Bf8 21. b5 Ne7 22. Bxf4 gxf4 23. Qxf4 f5 24. Nh4 h5 25. Qf3 Bh6 26. g3 Bg5 27. Ng2 h4 28. gxh4 Bxh4 29. Kh2 Ng6 30. Nf4 Nxe5 31. Qa8+ Kd7 32. Nxe6 Nf3+ 33. Kh1 Rg1# 0-1


[Site "https://www.chess.com"]

[Event "Titled Tuesday Blitz June 6 Early 2023"]
[White "Sharan, Rao"]
[Black "Yuan, Qingyu"]
[WhiteFideId "5073464"]
[BlackFideId "8609772"]
[WhiteElo "2149"]
[BlackElo "2359"]
[Result "0-1"]
[Round "8"]
[TimeControl "180+2"]
[Date "2023.06.06"]
[WhiteClock "0:01:57"]
[BlackClock "0:01:31"]
[Board "43"]

1. d4 Nf6 2. Nc3 d5 3. Bf4 c5 4. e4 Nxe4 5. Nxe4 dxe4 6. dxc5 Qa5+ 7. c3 Qxc5 8. Qa4+ Nc6 9. Qxe4 g6 10. Nf3 Bg7 11. Be2 Bxc3+ 12. Bd2 Bxb2 13. Rb1 Bf5 14. Qxf5 Qxf5 15. Rxb2 O-O 16. O-O b6 17. Be3 Qf6 18. Rc2 Nb4 19. Rd2 Rfd8 20. Bd4 Qf5 21. Rfd1 Nc6 22. Be3 Rxd2 23. Rxd2 Rd8 24. Rb2 Kg7 25. h3 f6 26. Rb5 Qc2 27. Bf1 Rd1 28. h4 Rxf1+ 29. Kxf1 Qc4+ 30. Kg1 Qxb5 0-1


[Site "https://www.chess.com"]

[Event "Titled Tuesday Blitz June 6 Early 2023"]
[White "Itgelt, Khuyagtsogt"]
[Black "Chylewski, Patryk"]
[WhiteFideId "4902912"]
[BlackFideId "1186191"]
[WhiteElo "2227"]
[BlackElo "2163"]
[Result "0-1"]
[Round "8"]
[TimeControl "180+2"]
[Date "2023.06.06"]
[WhiteClock "0:00:04"]
[BlackClock "0:00:22"]
[Board "44"]

1. d4 Nf6 2. Nf3 e6 3. c4 b6 4. g3 Bb7 5. Bg2 c5 6. d5 exd5 7. Nh4 g6 8. cxd5 Bg7 9. Nc3 O-O 10. O-O d6 11. e4 Na6 12. Re1 Nd7 13. f4 Rb8 14. Nf3 Re8 15. a3 Nc7 16. a4 Na6 17. h4 Nb4 18. f5 Ne5 19. Bg5 Bf6 20. Nxe5 Rxe5 21. Bf4 Re8 22. Qd2 Ba6 23. Nb5 Be5 24. Rad1 Qd7 25. Bxe5 Rxe5 26. f6 Kh8 27. Bf1 Rbe8 28. Qh6 Rg8 29. Rd2 Qg4 30. Qf4 Qd7 31. Kh2 Qd8 32. Bh3 Rge8 33. Bg2 Bxb5 34. axb5 Nxd5 35. Qh6 Nxf6 36. Bf3 Nxe4 37. Bxe4 Rxe4 38. Rxe4 Rxe4 39. Kg2 Qe7 40. Rf2 Re2 41. Rxe2 Qxe2+ 42. Kg1 Qe7 43. Qf4 Kg7 44. Qf3 Qe1+ 45. Kg2 Qd2+ 46. Kh3 Qxb2 47. Qc6 Qe5 48. Qb7 Qe6+ 49. g4 Qe3+ 50. Kg2 Qe2+ 51. Kg3 Qxb5 52. g5 Qd3+ 53. Kf4 Qd4+ 54. Kg3 c4 55. Qc7 c3 56. h5 gxh5 57. Kh3 b5 58. Kg3 b4 59. Kh3 b3 60. g6 hxg6 61. Kg3 b2 0-1


[Site "https://www.chess.com"]

[Event "Titled Tuesday Blitz June 6 Early 2023"]
[White "Abdilkhair, Abilmansur"]
[Black "Reprintsev, Alexander"]
[WhiteFideId "13716417"]
[BlackFideId "14100541"]
[WhiteElo "2210"]
[BlackElo "2229"]
[Result "0-1"]
[Round "8"]
[TimeControl "180+2"]
[Date "2023.06.06"]
[WhiteClock "0:01:47"]
[BlackClock "0:02:24"]
[Board "45"]

1. e4 d5 2. exd5 Qxd5 3. Nc3 Qa5 4. d4 Nf6 5. Nf3 Nc6 6. d5 Nb4 7. Bc4 e6 8. dxe6 Bxe6 9. Bxe6 fxe6 10. O-O Bd6 11. Qe2 Qf5 12. Nd4 Qe5 13. Qxe5 Bxe5 14. Nxe6 Nxc2 15. f4 Bxc3 16. Rb1 Bd4+ 17. Kh1 Kf7 18. Nxc7 Rac8 19. Nb5 Rhd8 0-1


[Site "https://www.chess.com"]

[Event "Titled Tuesday Blitz June 6 Early 2023"]
[White "Lehtosaari, Mauri"]
[Black "Samunenkov, Ihor"]
[WhiteFideId "501999"]
[BlackFideId "14187086"]
[WhiteElo "2490"]
[BlackElo "2457"]
[Result "0-1"]
[Round "8"]
[TimeControl "180+2"]
[Date "2023.06.06"]
[WhiteClock "0:00:03"]
[BlackClock "0:00:04"]
[Board "46"]

1. d4 d5 2. Nf3 Nf6 3. Bg5 e6 4. Nbd2 c5 5. e3 Nbd7 6. c3 Bd6 7. Bd3 O-O 8. O-O b6 9. e4 cxd4 10. cxd4 dxe4 11. Nxe4 Be7 12. Qe2 Bb7 13. Rfd1 Nxe4 14. Bxe7 Qxe7 15. Bxe4 Nf6 16. Bc2 Rac8 17. Rac1 Rfd8 18. h3 Nd5 19. Qe4 g6 20. Qe5 Nb4 21. Be4 Rxc1 22. Rxc1 Bxe4 23. Qxe4 Nxa2 24. Rd1 Nb4 25. Ne5 Rc8 26. h4 Nd5 27. h5 Qg5 28. hxg6 hxg6 29. g3 Rc1 30. Qf3 Rxd1+ 31. Qxd1 Kg7 32. Qc2 Qe7 33. Qc6 Qc7 34. Qe8 Nf6 35. Qa8 a5 36. g4 Qc1+ 37. Kg2 Qf4 38. f3 Qxd4 39. Qb8 Nd5 40. g5 Qd2+ 41. Kh3 Qxb2 42. Ng4 Qe2 43. Kg3 Qe1+ 44. Kg2 Ne3+ 45. Kh3 Qh1+ 46. Nh2 Qg2+ 47. Kh4 Nf5# 0-1


[Site "https://www.chess.com"]

[Event "Titled Tuesday Blitz June 6 Early 2023"]
[White "Goffredo_Fofi"]
[Black "Fier, Alexandr"]
[BlackFideId "2107139"]
[WhiteElo "2496"]
[BlackElo "2610"]
[Result "0-1"]
[Round "8"]
[TimeControl "180+2"]
[Date "2023.06.06"]
[WhiteClock "0:00:10"]
[BlackClock "0:02:12"]
[Board "47"]

1. d4 d5 2. Nf3 c5 3. c4 cxd4 4. cxd5 Qxd5 5. Qxd4 Qxd4 6. Nxd4 a6 7. Nc3 e5 8. Nc2 Nc6 9. e4 Be6 10. Be3 O-O-O 11. Bb6 Rd7 12. Rd1 Rxd1+ 13. Kxd1 Nf6 14. Be2 Nd7 15. Be3 Bc5 16. Kc1 Bxe3+ 17. Nxe3 Nd4 18. Bc4 Nb6 19. Bxe6+ fxe6 20. b3 h5 21. Kb2 g5 22. h3 Rf8 23. f3 Kd7 24. Rd1 Ke7 25. a4 Nd7 26. Nc4 Kf6 27. Ne2 Nxe2 28. Rxd7 b5 29. axb5 axb5 30. Ne3 Nf4 31. Rb7 Rd8 32. Kc2 Rd3 33. Nd1 Rd4 34. Ne3 b4 35. Rc7 Rd3 36. Nd1 Rd6 37. Ne3 Ra6 38. Rb7 Ra2+ 39. Kd1 Re2 40. Nf1 Rxg2 41. Rxb4 Rf2 42. Nd2 Nxh3 43. Rb8 Nf4 44. Rh8 Kg7 45. Re8 h4 46. Ke1 Re2+ 47. Kd1 h3 48. Re7+ Kg6 49. Re8 h2 50. Rh8 Rg2 51. Kc2 Nh5 0-1


[Site "https://www.chess.com"]

[Event "Titled Tuesday Blitz June 6 Early 2023"]
[White "Mitrabha, Guha"]
[Black "Liu, Casper"]
[WhiteFideId "5057000"]
[BlackFideId "1454153"]
[WhiteElo "2507"]
[BlackElo "2221"]
[Result "0-1"]
[Round "8"]
[TimeControl "180+2"]
[Date "2023.06.06"]
[WhiteClock "0:01:52"]
[BlackClock "0:02:18"]
[Board "48"]

1. d4 Nf6 2. Bg5 h6 3. Bxf6 exf6 4. e4 d5 5. exd5 Qxd5 6. Nf3 Nc6 7. Nbd2 Bg4 8. Bc4 Qh5 9. h3 Nxd4 10. hxg4 Qxh1+ 11. Bf1 O-O-O 12. Nxd4 Rxd4 13. Qf3 Bb4 14. c3 Re8+ 15. Kd1 Qxf1+ 0-1


[Site "https://www.chess.com"]

[Event "Titled Tuesday Blitz June 6 Early 2023"]
[White "Dragnev, Valentin"]
[Black "Trifan, Andrei Ioan"]
[WhiteFideId "1634852"]
[BlackFideId "12967068"]
[WhiteElo "2487"]
[BlackElo "2208"]
[Result "1-0"]
[Round "8"]
[TimeControl "180+2"]
[Date "2023.06.06"]
[WhiteClock "0:00:16"]
[BlackClock "0:00:08"]
[Board "49"]

1. e4 e5 2. Nf3 Nc6 3. Bc4 Bc5 4. d3 Nf6 5. O-O d6 6. c3 a6 7. a4 Ba7 8. Re1 h6 9. Nbd2 g5 10. Nf1 g4 11. N3d2 h5 12. d4 exd4 13. cxd4 Bxd4 14. Nb3 Ba7 15. Bg5 Qe7 16. Bd5 h4 17. Bxc6+ bxc6 18. Nd4 Qe5 19. Nf5 Nxe4 20. Qc2 Bxf2+ 21. Qxf2 Nxf2 22. Bf6 Bxf5 23. Bxh8 Ne4 24. Bxe5 dxe5 25. Ne3 Bg6 26. Nxg4 Ke7 27. Nxe5 Bf5 28. Nxc6+ Kf6 29. Nd4 Bg6 30. Ra3 Rb8 31. Rf3+ Kg7 32. Nf5+ Kh7 33. Rxe4 1-0


[Site "https://www.chess.com"]